 Dungeon Crawl Stone Soup version 0.28-b1-38-gff268fdeb9 (webtiles) character file.

Game seed: 712752361682984138

173 Akaron the Conjurer (level 5, 0/31 HPs)
             Began as an Octopode Conjurer on Feb 3, 2022.
             Killed from afar by Ijyb (31 damage)
             ... with a bolt of acid
             ... on level 3 of the Dungeon.
             The game lasted 00:08:39 (3924 turns).

Akaron the Conjurer (Octopode Conjurer)             Turns: 3924, Time: 00:08:39

Health: 0/31       AC:  1    Str:  6    XL:     5   Next: 53%
Magic:  6/10       EV: 13    Int: 22    God:
Gold:   114        SH:  0    Dex: 11    Spells: 7/10 levels left

rFire   . . .      SeeInvis .   k - staff of conjuration
rCold   . . .      Faith    .   (no shield)
rNeg    . . .      Spirit   .   (helmet restricted)
rPois   .          Reflect  .   m - amulet of regeneration
rElec   .          Harm     .   (no ring)
rCorr   .          Rampage  .   (no ring)
Will    .....                   (no ring)
Stlth   +++.......              (no ring)
HPRegen 0.90/turn               (no ring)
MPRegen 0.12/turn               (no ring)
                                (no ring)
                                (no ring)

@: no status effects
A: almost no armour, amphibious, 8 rings, camouflage 1, gelatinous body 1,
(nimble swimmer 1), tentacles
a: no special abilities


You were on level 3 of the Dungeon.
You visited 1 branch of the dungeon, and saw 3 of its levels.

You collected 114 gold pieces.

Inventory:

Hand Weapons
 a - a +0 dagger
Magical Staves
 k - a staff of conjuration (weapon)
Jewellery
 m - an amulet of regeneration (around mantle)
Scrolls
 b - 2 scrolls of noise
 c - a scroll of blinking {unknown}
 g - 2 scrolls of identify
 h - a scroll of immolation {unknown}
 j - a scroll of silence {unknown}
 l - a scroll of teleportation {unknown}
 n - a scroll of acquirement {unknown}
Potions
 d - a potion of cancellation {unknown}
 e - a potion of resistance {unknown}
 f - a potion of lignification {unknown}
 i - 2 potions of heal wounds {unknown}
 o - a potion of berserk rage {unknown}


   Skills:
 + Level 2.3 Dodging
 - Level 3.0 Stealth
 + Level 3.3 Spellcasting
 + Level 5.6 Conjurations


You had 7 spell levels left.
You knew the following spells:

 Your Spells              Type           Power      Damage    Failure   Level
a - Magic Dart            Conj           100%       1d8       1%          1
b - Searing Ray           Conj           84%        2d7       1%          2

Your spell library contained the following spells:

 Spells                   Type           Power      Damage    Failure   Level
 Dazzling Flash           Conj/Hex       48%        N/A       12%         3
 Fulminant Prism          Conj/Hex       12%        3d9       36%         4
 Iskenderun's Mystic Bla  Conj/Tloc      24%        2d7       36%         4


Dungeon Overview and Level Annotations

Branches:
Dungeon (3/15)

Altars:

Annotations:
D:3 Ijyb


Innate Abilities, Weirdness & Mutations

You cannot wear most types of armour.
You are amphibious.
You can wear up to eight rings at the same time.
Your skin changes colour to match your surroundings (Stealth+).
Your rubbery body absorbs attacks. (AC +1, EV +1)
((You are camouflaged when in or above water. (Stealth+)))
You have tentacles for arms and can constrict up to eight enemies at once.


Message History

A dart slug comes into view.
A dart slug is nearby!
You feel a surge of power!
The magic dart hits the dart slug.
The dart slug is heavily wounded.
The dart slug launches a dart at you. The slug dart hits you.
You feel a surge of power!
The magic dart hits the dart slug.
The dart slug is almost dead.
You feel a surge of power!
The magic dart hits the dart slug.
You kill the dart slug!
You can't see any susceptible monsters within range! (Use Z to cast anyway.) HP restored.
A goblin comes into view. It is wielding a +0 dagger.
The goblin shouts!
You feel a surge of power!
The magic dart hits the goblin.
You kill the goblin!
You can't see any susceptible monsters within range! (Use Z to cast anyway.)
There is a stone staircase leading down here.
There is a stone staircase leading down here.
There is an open door here.
You see here 23 arrows.
You now have 114 gold pieces (gained 11).
You see here 23 arrows.
Found a stone staircase leading down.
As you open the door, it creaks loudly!
You hear a shout!
Found a stone staircase leading up.
There is an open door here.
Ijyb the Twisted Goblin comes into view.
She is wielding a +0 club, wearing a +2 leather armour of cold resistance and carrying a wand of acid (12).
You feel a surge of power!
The magic dart hits Ijyb but does no damage.
You feel a surge of power!
The magic dart hits Ijyb but does no damage.
You feel a surge of power!
The magic dart hits Ijyb.
Ijyb is lightly wounded.
You feel a surge of power!
The magic dart hits Ijyb but does no damage.
Ijyb is lightly wounded.
Ijyb zaps a wand.
The bolt of acid hits you!!
Ouch! That really hurt!
You die...

#.##...#........# #.#.#...
#.##.#.#.....#..# #.#.####
#.##.#.#....)#..###.#.#
#.##.............##.#.#
#.####(#.........##.#.#
#......#.........##.#.####
#############....'..#...o.
.....>.####....#########
.......@.......'......<#
.......###.....#######.#
....... #.............#
.....g. ###############
....... + ....... #
....... ) ....... .. ..o


You could see Ijyb.

Vanquished Creatures
  A hound skeleton (D:2)
  Robin (D:3)
  A gnoll (D:1)
  An adder (D:2)
  2 worms (D:2)
  3 dart slugs
  9 orcs (D:3)
  10 ball pythons
  5 bats
  4 endoplasms
  5 giant cockroaches
  10 goblins
  11 hobgoblins
  11 jackals (D:2)
  5 frilled lizards
  10 kobolds
  9 rats
98 creatures vanquished.

Notes
Turn   | Place    | Note
-------+----------+-------------------------------------------
     0 | D:1      | Akaron the Octopode Conjurer began the quest for the Orb.
     0 | D:1      | Reached XP level 1. HP: 11/11 MP: 3/3
    17 | D:1      | Reached XP level 2. HP: 8/17 MP: 0/5
   513 | D:1      | Reached XP level 3. HP: 21/21 MP: 0/6
   611 | D:1      | Learned a level 2 spell: Searing Ray
  1059 | D:2      | Reached skill level 5 in Conjurations
  1180 | D:2      | Reached XP level 4. HP: 27/27 MP: 5/7
  2776 | D:3      | Reached XP level 5. HP: 31/31 MP: 7/9
  3194 | D:3      | Noticed Robin
  3264 | D:3      | Found a faded altar of an unknown god.
  3280 | D:3      | Killed Robin
  3920 | D:3      | Noticed Ijyb
  3924 | D:3      | Killed from afar by Ijyb

Illustrated notes

Levels and vault maps discovered:
D:1:      mrwooster_arrival_statue_3, layout_basic
D:2:      layout_basic, serial_curves, eino_curves_03, eino_curves_03,
          minmay_door_square, minmay_three_crescents
D:3:      layout_basic, ebering_ecumenical_altar_webs, patterned_corridor,
          uniq_robin, uniq_ijyb

Skill      XL: |  1  2  3  4 |
---------------+-------------+-----
Stealth        | 3 |  3.0
Conjurations   | 5 |  5.6
Spellcasting   | 3 |  3.3
Dodging        | |  2.3

Action                   |  1- 3 |  4- 6 || total
-------------------------+-------+-------++-------
Melee: Unarmed           |     5 |       ||     5
       Tentacles         |     6 |       ||     6
       Constrict         |     4 |       ||     4
       Dagger            |     7 |       ||     7
 Cast: Magic Dart        |    51 |   139 ||   190
       Searing Ray       |       |     2 ||     2
  Use: Scroll            |       |     1 ||     1
Armor: Skin              |     1 |     3 ||     4
Dodge: Dodged            |     9 |    18 ||    27
